Map: Catalyst LE

Players

IIIIIIIIIIII

  • Race: Terran Terran
  • League: Master
  • Spawn Location: 5:00

tEhbAtZ - Winner!

  • Race: Terran Terran
  • League: Master
  • Spawn Location: 11:00

VOD

Have the link to the VOD?

Description

Time

  • Played on: Feb. 1, 2018, 2:54 a.m.
  • Length: 16:42
Show
View Real Time Build Order
Export as new Build Order

IIIIIIIIIIII Terran 

Build Orders: Cyclone Opening, Reaper Expand 

Get SALT Encoding   

  12  0:00  SCV  
  13  0:12  SCV  
  14  0:17  Supply Depot  
  14  0:24  SCV  
  15  0:28  Refinery  
  15  0:38  SCV  
  16  0:45  Barracks  
  16  0:50  SCV  
  17  1:04  SCV  
  18  1:16  SCV  
  19  1:31  Orbital Command  
  19  1:32  Reaper  
  20  1:49  Command Center  
  20  1:57  SCV  
  21  2:04  Factory  
  21  2:10  SCV  
  22  2:17  Supply Depot, Barracks Reactor  
  22  2:22  SCV  
  23  2:27  Refinery  
  23  2:38  SCV  
  24  2:50  SCV  
  25  2:57  Cyclone  
  28  2:59  Marine  
  28  3:03  Supply Depot, SCV  
  30  3:06  Orbital Command  
  29  3:15  Cyclone, SCV  
  33  3:28  SCV  
  34  3:35  Cyclone  
  34  3:36  SCV  
  34  3:40  SCV  
  39  3:41  Supply Depot  
  39  3:42  Supply Depot  
  39  3:47  Cyclone  
  42  3:49  SCV  
  42  3:50  Supply Depot  
  42  3:53  SCV  
  44  4:00  Barracks Tech Lab  
  44  4:05  SCV x2  
  44  4:06  Supply Depot  
  46  4:11  Cyclone  
  46  4:17  SCV x2  
  51  4:27  Cyclone  
  51  4:29  SCV x2  
  55  4:37  Engineering Bay  
  53  4:41  SCV  
  52  4:53  SCV x2  
  52  5:05  Hellion x2, SCV  
  57  5:09  Missile Turret x2  
  57  5:10  SCV  
  58  5:21  SCV  
  58  5:30  Starport  
  55  5:47  Cyclone  
  58  5:50  SCV x2  
  58  5:53  Command Center  
  58  5:55  Refinery x2  
  60  5:59  Supply Depot  
  60  6:03  SCV x2  
  62  6:04  Cyclone  
  65  6:15  SCV x2  
  67  6:19  Armory  
  67  6:27  SCV x2  
  69  6:33  Supply Depot, Sensor Tower  
  69  6:39  SCV x2  
  71  6:51  Raven, SCV x2  
  75  6:56  Cyclone  
  78  7:03  SCV x2  
  78  7:04  Supply Depot  
  78  7:06  Supply Depot  
  78  7:08  Orbital Command  
  80  7:09  Terran Vehicle Weapons Level 1  
  80  7:15  SCV x2  
  82  7:19  Cyclone  
  82  7:22  Supply Depot  
  85  7:27  SCV x2  
  85  7:30  Cyclone  
  87  7:39  Orbital Command, SCV  
  88  7:48  Barracks Reactor, SCV  
  88  7:49  Factory  
  87  7:55  Supply Depot  
  87  7:56  Supply Depot  
  87  7:58  Cyclone, Refinery  
  87  8:02  SCV x2  
  87  8:03  Refinery  
  92  8:09  SCV  
  93  8:14  Cyclone  
  93  8:18  SCV x2  
  98  8:31  Cyclone  
  104  8:38  Factory  
  104  8:41  SCV  
  102  8:45  Starport Tech Lab  
  91  8:53  Cyclone  
  91  8:54  Siege Tank  
  85  9:02  SCV x2  
  87  9:03  Cyclone  
  87  9:07  SCV  
  87  9:10  Raven  
  87  9:14  SCV  
  87  9:15  SCV  
  90  9:19  SCV  
  91  9:25  Terran Vehicle Weapons Level 2, Cyclone  
  91  9:27  Command Center, SCV x2  
  96  9:32  Siege Tank  
  93  9:50  Cyclone  
  93  9:52  Cyclone  
  96  9:54  Widow Mine  
  96  9:56  Rapid Fire Launchers  
  96  9:57  Widow Mine  
  100  10:11  Cyclone  
  104  10:14  SCV x2  
  104  10:15  Cyclone  
  108  10:25  Cyclone  
  111  10:32  Hellion x2  
  111  10:38  SCV  
  108  10:44  Hellion  
  96  10:53  Cyclone x2  
  90  10:59  Cyclone  
  90  11:00  SCV x2  
  95  11:04  Refinery  
  95  11:13  Cyclone x2  
  95  11:16  SCV x2  
  103  11:22  Refinery  
  103  11:26  Refinery  
  103  11:29  Cyclone  
  103  11:30  SCV x2  
  103  11:31  SCV  
  109  11:39  Hellion, Cyclone  
  99  11:40  Orbital Command  
  114  11:41  Terran Vehicle And Ship Armor Level 1  
  114  11:42  SCV x2  
  114  11:43  SCV  
  114  11:45  Hellion  
  119  11:53  Factory  
  119  11:54  Factory, SCV  
  119  11:55  Cyclone  
  119  11:56  SCV  
  124  12:05  Cyclone x2  
  128  12:18  Hellion x2  
  128  12:19  Raven  
  128  12:31  SCV x4  
  128  12:39  Factory Tech Lab, Factory Reactor, Sensor Tower  
  128  12:43  Factory  
  128  12:45  SCV x2  
  128  12:46  Factory  
  130  12:52  Siege Tank, Hellion x3  
  139  13:02  Raven, SCV  
  139  13:05  Supply Depot x2  
  142  13:08  Corvid Reactor  
  142  13:10  SCV  
  143  13:15  Supply Depot  
  139  13:28  Siege Tank x2  
  139  13:29  Hellion x5  
  139  13:30  Factory Tech Lab  
  139  13:32  SCV  
  156  13:36  Command Center  
  156  13:37  Command Center  
  156  13:42  Starport  
  156  13:48  Infernal Pre-Igniter  
  154  14:01  Siege Tank  
  154  14:02  Siege Tank x2  
  152  14:03  Hellion x3  
  158  14:13  Hellion x2  
  132  14:33  Siege Tank  
  132  14:34  Siege Tank  
  132  14:36  Siege Tank  
  132  14:38  Cyclone, Hellion x3  
  147  14:39  Cyclone x2  
  147  14:44  Factory Tech Lab  
  154  14:46  Raven  
  154  14:47  Starport Tech Lab  
  156  14:59  Hellion x2, Cyclone  
  160  15:06  Siege Tank x2  
  155  15:08  Siege Tank  
  155  15:10  Siege Tank  
  124  15:22  Cyclone x4  
  124  15:26  Cyclone  
  111  15:31  Command Center  
  111  15:35  Cyclone  
  109  15:38  Siege Tank x2  
  109  15:41  Cyclone  
  118  15:50  Cyclone  
  108  16:01  Cyclone x2  
Show
View Real Time Build Order
Export as new Build Order

tEhbAtZ Terran - Winner!

Build Orders: 1/1/1, Cyclone Opening 

Get SALT Encoding   

  12  0:01  SCV  
  13  0:13  SCV  
  14  0:17  Supply Depot  
  14  0:25  SCV  
  15  0:30  Refinery  
  15  0:38  SCV  
  16  0:45  Barracks  
  16  0:51  SCV  
  16  0:55  Refinery  
  17  1:03  SCV  
  18  1:15  SCV  
  19  1:33  Orbital Command, Reaper  
  19  1:38  Factory  
  20  1:56  Supply Depot  
  20  1:59  SCV  
  21  2:05  Reaper  
  22  2:11  SCV  
  23  2:23  SCV, Starport  
  23  2:28  Cyclone  
  27  2:35  SCV  
  28  2:39  Barracks Tech Lab  
  28  2:48  SCV  
  28  2:50  Supply Depot  
  29  3:00  SCV  
  30  3:11  Cloaking Field, Banshee  
  30  3:12  Hellion, SCV  
  36  3:15  Barracks Reactor  
  36  3:19  Supply Depot  
  36  3:24  SCV  
  37  3:36  Factory Tech Lab, SCV  
  39  3:48  SCV  
  39  3:55  Raven  
  41  3:56  Command Center  
  41  4:00  SCV  
  42  4:05  Marine x2  
  44  4:12  SCV  
  45  4:21  Supply Depot  
  45  4:24  SCV  
  45  4:27  Marine  
  47  4:42  Siege Tank, SCV, Viking, Marine  
  54  4:54  SCV  
  52  5:06  SCV  
  53  5:07  Orbital Command  
  53  5:16  Siege Tank  
  53  5:18  SCV  
  57  5:30  SCV  
  57  5:34  Refinery, SCV  
  59  5:39  Viking x2  
  56  5:43  SCV  
  56  5:46  SCV  
  56  5:47  Marine  
  58  5:55  SCV  
  59  5:58  SCV  
  59  6:00  Siege Tank  
  59  6:02  Command Center  
  63  6:06  Supply Depot x2  
  63  6:07  SCV  
  63  6:10  SCV  
  65  6:11  Engineering Bay  
  65  6:12  Viking  
  67  6:19  SCV  
  67  6:20  Refinery  
  67  6:21  Factory  
  67  6:22  SCV  
  69  6:27  Viking  
  69  6:29  Supply Depot  
  69  6:31  SCV  
  72  6:34  SCV  
  72  6:36  Siege Tank  
  76  6:47  Supply Depot x2, Viking  
  76  6:52  SCV  
  79  7:04  Viking  
  79  7:07  Siege Tank  
  85  7:08  SCV  
  85  7:10  Supply Depot  
  85  7:14  SCV  
  86  7:17  Orbital Command  
  86  7:23  Viking  
  86  7:28  Missile Turret  
  88  7:35  Siege Tank, SCV  
  91  7:50  SCV  
  92  7:51  Refinery  
  92  7:53  Refinery  
  92  7:56  Siege Tank  
  95  7:59  Barracks Reactor, Armory  
  95  8:05  Viking  
  97  8:06  SCV  
  97  8:07  SCV  
  99  8:17  Missile Turret x2  
  99  8:18  Orbital Command, Missile Turret x2, SCV  
  99  8:19  SCV  
  101  8:20  Missile Turret  
  101  8:31  SCV  
  105  8:34  Siege Tank x2  
  102  8:49  Viking  
  102  8:50  Viking  
  102  8:55  SCV  
  98  8:56  SCV  
  98  8:59  Sensor Tower  
  98  9:07  Siege Tank  
  101  9:11  Factory  
  101  9:17  SCV  
  101  9:18  SCV  
  101  9:22  Terran Vehicle Weapons Level 1  
  101  9:23  Armory  
  103  9:29  SCV  
  104  9:32  SCV  
  104  9:33  SCV  
  106  9:41  SCV  
  101  9:59  Smart Servos  
  101  10:00  Siege Tank, SCV  
  101  10:05  Command Center  
  101  10:06  Hellion  
  107  10:07  Viking x2  
  107  10:13  Factory  
  111  10:20  Siege Tank, Missile Turret  
  114  10:23  Sensor Tower  
  114  10:28  SCV x2  
  115  10:32  Siege Tank, Hellion x2  
  123  10:36  Factory  
  112  10:52  Siege Tank  
  112  10:53  Hellion  
  99  11:00  Factory Tech Lab  
  97  11:04  SCV  
  97  11:05  SCV  
  97  11:07  Hi-Sec Auto Tracking, Terran Vehicle And Ship Armor Level 1  
  99  11:11  Refinery  
  99  11:13  Siege Tank  
  99  11:14  Refinery  
  102  11:31  Factory Tech Lab  
  102  11:32  Hellion x2  
  106  11:33  Siege Tank x2  
  106  11:38  Infernal Pre-Igniter  
  112  11:40  SCV  
  112  11:45  Siege Tank, Planetary Fortress  
  116  11:50  SCV  
  117  11:58  Hellion x2  
  117  11:59  Siege Tank  
  117  12:00  SCV  
  125  12:05  Siege Tank x2  
  117  12:14  SCV x2  
  116  12:18  SCV  
  107  12:26  SCV x2  
  108  12:30  SCV  
  108  12:35  Hellion x2  
  108  12:36  Siege Tank x2  
  119  12:37  Viking x2  
  119  12:38  Terran Vehicle Weapons Level 2, SCV x2  
  119  12:42  SCV  
  119  12:43  SCV  
  127  12:50  SCV x2  
  129  12:54  SCV  
  129  12:55  Siege Tank x2, SCV  
  137  13:00  Supply Depot x2  
  137  13:01  Supply Depot  
  137  13:02  SCV x2  
  137  13:04  Supply Depot  
  139  13:05  Terran Ship Weapons Level 1  
  139  13:06  SCV  
  139  13:07  Hellion x2, Viking, SCV  
  139  13:08  Siege Tank x2  
  153  13:19  Sensor Tower  
  153  13:25  Viking  
  155  13:27  Hellion x2  
  155  13:28  Supply Depot  
  155  13:30  Supply Depot, Hellion x2  
  155  13:31  Supply Depot  
  163  13:40  Siege Tank x2  
  169  13:46  SCV  
  170  13:48  Siege Tank x2  
  170  14:01  Hellion x2  
  172  14:09  Viking x2  
  176  14:12  Siege Tank  
  176  14:13  Siege Tank  
  182  14:20  Siege Tank x2  
  170  14:40  Command Center  
  170  14:45  Siege Tank x2  
  176  14:47  Viking, Hellion x2  
  185  14:52  Siege Tank  
  185  14:53  Siege Tank  
  174  15:08  Hellion  
  174  15:10  Viking  
  174  15:11  Hellion  
  172  15:17  Siege Tank x2  
  178  15:24  Siege Tank  
  178  15:25  Siege Tank  
  182  15:30  Hellion  
  182  15:32  Hellion  
  182  15:35  Viking  
  188  15:37  Missile Turret  
  188  15:38  Sensor Tower  
  188  15:46  Refinery  
  188  15:48  Thor, Refinery  
  188  15:49  Siege Tank  
  197  15:57  Siege Tank  
  188  16:04  Viking  
  188  16:05  Hellion x3, Viking  
Tags
 
Add a new tag
Caveats
  • Supply blocks, unpowered buildings, or Contaminate may cause inaccurate times.
  • Supply counts are checked every 10 seconds.